Map: Neon Violet Square LE

Players

Panskelk - Winner!

  • Race: Terran Terran
  • Spawn Location: 5:00

A.I. 1 (Elite)

  • Race: Terran Terran
  • Spawn Location: 11:00

VOD

Have the link to the VOD?

Description

Time

  • Played on: April 24, 2025, 11:44 p.m.
  • Length: 13:44
Show
View Real Time Build Order
Export as new Build Order

Panskelk Terran - Winner!

Build Orders:  

Get SALT Encoding   

  12  0:00  SCV  
  13  0:12  SCV  
  14  0:18  Supply Depot  
  14  0:25  SCV  
  15  0:39  Refinery  
  15  0:40  SCV  
  16  0:46  Barracks  
  16  0:52  SCV  
  17  1:04  SCV  
  18  1:19  SCV  
  19  1:31  SCV  
  20  1:33  Marine  
  20  1:38  Command Center  
  21  1:46  Orbital Command  
  21  1:51  Barracks Reactor  
  21  2:06  Supply Depot  
  21  2:14  SCV  
  22  2:16  Refinery  
  22  2:26  SCV  
  22  2:28  Marine x2  
  22  2:29  Factory  
  25  2:40  SCV  
  26  2:50  SCV  
  27  2:54  Marine x2  
  27  2:55  SCV  
  30  3:05  Orbital Command  
  30  3:14  Factory Tech Lab, Starport  
  30  3:15  Marine x2  
  30  3:19  SCV  
  33  3:26  Bunker  
  33  3:31  SCV  
  33  3:32  SCV  
  35  3:37  Marine  
  35  3:38  Siege Tank, Marine  
  40  3:49  Engineering Bay  
  40  3:54  Starport Tech Lab  
  40  3:55  Fusion Core  
  40  4:00  Marine x2  
  40  4:01  SCV  
  40  4:02  SCV  
  44  4:13  SCV  
  44  4:14  SCV  
  44  4:15  Refinery  
  46  4:31  Marine  
  46  4:33  Siege Tank  
  46  4:35  SCV x2  
  52  4:53  Missile Turret, Refinery  
  52  4:57  Missile Turret  
  52  4:59  Battlecruiser  
  58  5:00  Marine x2  
  58  5:03  SCV x2  
  62  5:28  Command Center  
  62  5:34  Terran Infantry Weapons Level 1  
  62  5:38  Supply Depot  
  62  5:44  SCV  
  62  5:59  Marine x2  
  62  6:00  Siege Tank, SCV  
  62  6:02  Weapon Refit, Supply Depot  
  68  6:30  Battlecruiser  
  74  6:55  Marine x2  
  74  6:56  Siege Tank  
  79  7:09  Supply Depot  
  79  7:27  Marine  
  79  7:28  Marine  
  79  7:29  Siege Tank  
  84  7:34  Barracks  
  84  7:35  SCV x3  
  93  7:37  Battlecruiser  
  93  8:11  Marine x2  
  93  8:12  Siege Tank  
  98  9:14  Terran Infantry Armor Level 1  
  98  9:20  Supply Depot  
  98  9:21  Armory  
  98  9:57  Orbital Command  
  98  9:58  Barracks  
  98  10:01  Barracks Tech Lab, Marine  
  98  10:02  Marine  
  98  10:03  Siege Tank, Battlecruiser  
  109  10:52  Terran Vehicle And Ship Armor Level 1  
  109  10:53  SCV x3  
  109  10:54  Advanced Ballistics  
  112  11:00  Supply Depot x2  
  112  11:05  Supply Depot  
  112  11:06  Supply Depot  
  112  11:11  Refinery  
  112  11:12  Barracks Tech Lab, Refinery  
  112  11:15  Combat Shield  
  112  11:46  SCV x3  
  115  11:58  Battlecruiser  
  121  13:02  Starport  
  121  13:03  Starport  
Show
View Real Time Build Order
Export as new Build Order

A.I. 1 (Elite) Terran 

Build Orders:  

Get SALT Encoding   

  12  0:00  SCV  
  13  0:13  SCV  
  14  0:20  Supply Depot  
  14  0:25  SCV  
  15  0:30  Refinery  
  15  0:41  SCV  
  16  0:48  Barracks  
  16  0:53  SCV  
  17  1:05  SCV  
  18  1:18  SCV  
  19  1:35  Marine  
  19  1:36  Factory  
  19  1:38  Orbital Command, Supply Depot  
  20  1:51  Barracks  
  20  1:54  Marine  
  21  2:04  SCV  
  21  2:07  Refinery  
  22  2:12  Marine  
  23  2:16  SCV  
  24  2:23  Supply Depot  
  24  2:24  Factory Tech Lab  
  24  2:28  SCV  
  25  2:30  Marine  
  26  2:38  Marine  
  26  2:43  Siege Tank  
  30  2:46  SCV  
  30  2:49  Marine  
  32  2:56  Marine  
  33  3:00  Supply Depot  
  33  3:03  SCV  
  34  3:07  Marine  
  35  3:14  Marine  
  35  3:16  Siege Tank  
  39  3:22  SCV  
  39  3:25  Marine  
  41  3:32  Supply Depot, Marine  
  42  3:36  SCV  
  43  3:48  SCV  
  44  4:00  Command Center, SCV  
  44  4:01  Barracks Tech Lab  
  45  4:05  Barracks Tech Lab  
  45  4:12  SCV  
  45  4:13  Supply Depot  
  46  4:20  Marauder  
  48  4:24  SCV  
  48  4:27  Marauder  
  51  4:34  Stimpack  
  51  4:42  Marauder  
  53  4:47  Marine  
  53  4:50  Ghost Academy  
  54  5:01  Supply Depot  
  54  5:03  Marauder  
  54  5:06  Marauder  
  58  5:13  SCV  
  59  5:14  SCV  
  60  5:25  Marauder, SCV  
  60  5:26  SCV, Ghost  
  67  5:37  SCV  
  67  5:38  SCV  
  69  5:45  Ghost  
  69  5:48  Combat Shield  
  69  5:49  SCV  
  73  5:50  Engineering Bay  
  73  5:51  SCV  
  74  6:00  Command Center  
  74  6:01  SCV  
  75  6:09  SCV  
  76  6:13  SCV  
  76  6:17  Terran Infantry Weapons Level 1, Supply Depot  
  75  6:21  SCV  
  74  6:25  SCV  
  68  6:33  SCV  
  68  6:34  Engineering Bay  
  68  6:35  Marine  
  68  6:36  Marine  
  68  6:37  SCV  
  67  6:45  SCV  
  63  6:49  SCV  
  63  6:52  Marine  
  60  6:54  Marine  
  60  6:58  SCV  
  60  6:59  Terran Infantry Armor Level 1  
  57  7:02  SCV  
  54  7:10  SCV, Ghost  
  54  7:13  Marauder  
  54  7:14  SCV  
  54  7:15  SCV  
  57  7:22  SCV  
  54  7:26  SCV  
  54  7:27  SCV  
  49  7:33  Marine  
  49  7:34  SCV  
  47  7:38  SCV, Ghost  
  47  7:39  SCV  
  43  7:46  SCV  
  43  7:50  SCV  
  43  7:51  SCV, Marine  
  38  7:58  SCV  
  38  8:02  SCV  
  38  8:03  SCV  
  35  8:07  Marine  
  35  8:10  Marauder, SCV  
  39  8:14  SCV  
  39  8:15  Refinery  
  39  8:17  SCV, Refinery  
  37  8:22  SCV  
  37  8:25  Marine  
  37  8:26  SCV  
  37  8:31  Marauder  
  31  8:34  Ghost Academy  
  31  8:41  SCV  
  27  8:43  Marine  
  27  8:47  SCV  
  26  8:51  SCV  
  26  8:52  Marine  
  24  9:00  SCV  
  24  9:01  Marine  
  19  9:10  Marine  
  20  9:19  Marine  
  18  9:27  Marine  
  13  9:40  Ghost  
  13  9:43  SCV  
  10  10:06  SCV  
Tags
 
Add a new tag
Caveats
  • Supply blocks, unpowered buildings, or Contaminate may cause inaccurate times.
  • Supply counts are checked every 10 seconds.